 Dungeon Crawl Stone Soup version 0.19.3 (webtiles) character file.

72769 theAP the Warrior (level 15, -20/109 HPs)
             Began as a Gargoyle Fighter on Jan 22, 2017.
             Was an Initiate of Gozag.
             Killed from afar by a lich (57 damage)
             ... with a bolt of fire
             ... on level 1 of the Abyss.
             The game lasted 01:11:49 (21151 turns).

theAP the Warrior (Gargoyle Fighter)               Turns: 21151, Time: 01:11:52

Health: -20/109    AC: 34    Str: 27      XL:     15   Next: 41%
Magic:  15/15      EV:  5    Int: -9 (4)  God:    Gozag
Gold:   4452       SH: 10    Dex: 18 (19) Spells: 0 memorised, 14 levels left

rFire  . . .     SeeInvis .     E - +6 whip (flame)
rCold  . . .     Gourm    .     i - +3 plate armour
rNeg   + . .     Faith    .     c - +0 shield
rPois  ∞         Spirit   .     h - +0 helmet of Vanity {Dex+10}
rElec  +         Reflect  .     y - +0 cloak
rCorr  .         Harm     .     L - +1 pair of gloves
MR     +....     Rnd*Rage +     p - +2 pair of boots {run}
Stlth  .......... Rnd*Tele +    U - amulet of regeneration
                                (no ring)
                                (no ring)

@: flying, very slightly contaminated, hasted and slowed, lost intelligence,
quick
A: big wings, iridescent scales 1, berserk 3, blurry vision 3, deformed body,
deterioration 2, dopey 2, mutation resistance 1, negative energy resistance 1,
screaming 2, electricity resistance, teleportitis 2, unbreathing, petrification
resistance, no device heal 3, rot immunity, subdued magic 1, AC +11
a: Stop Flying, Potion Petition, Call Merchant, Bribe Branch, Renounce Religion


You were on level 1 of the Abyss.
You worshipped Gozag.
Gozag was most pleased with you.
You were not hungry.

You visited 4 branches of the dungeon, and saw 22 of its levels.
You visited the Abyss 1 time.
You also visited: Volcano.

You collected 5969 gold pieces.
You spent 674 gold pieces at shops.
You paid 843 gold pieces to Gozag.

Inventory:

Hand Weapons
 a - a +0 flail
 v - a +1 whip of freezing
 E - a +6 whip of flaming (weapon)
 M - the +10 dark maul {crush}
   (You found it on level 10 of the Dungeon)

   It inflicts extra damage upon your enemies.
Missiles
 I - 2 needles of frenzy (quivered)
Armour
 b - a +0 pair of gloves
 c - a +0 shield (worn)
 h - the +0 helmet of Vanity (worn) {Dex+10}
   (You took it off Robin on level 3 of the Dungeon)

   It affects your dexterity (+10).
 i - a +3 plate armour (worn)
 p - a +2 pair of boots of running (worn)
 w - a +0 pair of gloves
 y - a +0 cloak (worn)
 L - a +1 pair of gloves (worn)
Jewellery
 n - a cursed amulet of inaccuracy {unknown}
 U - an amulet of regeneration (around neck)
Wands
 k - a wand of random effects (22/48)
 m - a wand of polymorph (14/24)
 r - a wand of disintegration (6/24)
 s - a wand of flame (29/48)
 x - a wand of iceblast (0/15)
 A - a wand of digging (15/24)
 H - a wand of paralysis (2/24)
 J - a wand of enslavement (5/24)
 K - a wand of lightning (8/15)
 P - a wand of acid (9/15)
 R - a wand of lightning (3/15)
 T - a wand of flame (37/48)
Scrolls
 o - 3 scrolls of recharging
 z - 3 scrolls of fog
 B - a scroll of fear
 C - 8 scrolls of remove curse
 G - a scroll of enchant armour
 N - a scroll of blinking
 O - a scroll of identify
 W - a scroll of amnesia
 X - 3 scrolls of magic mapping
Potions
 d - 5 potions of might
 g - 4 potions of berserk rage
 j - 3 potions of agility
 l - 5 potions of lignification
 D - 3 potions of curing
 F - 2 potions of magic
 S - a potion of ambrosia
Miscellaneous
 t - a lamp of fire
Comestibles
 f - 9 bread rations
 q - a slice of pizza
 u - 7 meat rations


   Skills:
 * Level 18.3 Fighting
 - Level 17.6 Maces & Flails
 + Level 9.9 Armour
 - Level 3.2 Shields


You had 14 spell levels left.
You didn't know any spells.

Dungeon Overview and Level Annotations

Branches:
Dungeon (13/15)            Temple (1/1) D:7            Lair (6/6) D:10
 Shoals (0/4) Lair:2       Spider (0/4) Lair:4        Slime (0/5) Lair:6
    Orc (2/2) D:11
    Elf: Orc:2       Vaults: D:13-14

Altars:
Dithmenos
Elyvilon
Fedhas
Gozag
Hepliaklqana
Kikubaaqudgha
Makhleb
Nemelex Xobeh
Okawaru
Qazlal
Ru
Sif Muna
Trog
Vehumet
Xom
Yredelemnul
Zin
The Shining One
Beogh

Shops:
D:5 !*:   D:7 [   D:10 [   Orc:1 ?


Innate Abilities, Weirdness & Mutations

You are resistant to torment.
Your stone body is resilient. (AC +11)
You are immune to poison.
Your large and strong wings let you fly indefinitely.
You resist negative energy. (rN+)
You are resistant to electric shocks. (rElec)
You can survive without breathing.
You are immune to petrification.
You are immune to rotting.
You are partially covered in iridescent scales. (AC +2)
Armour fits poorly on your strangely shaped body.
You are somewhat resistant to further mutation.
Your spells are a little easier to cast, but a little less powerful.
[You have an uncontrollable temper.]
[Scrolls take you much longer to read.]
[Your body often deteriorates upon taking damage.]
[You are very dopey. (Int -4)]
[You sometimes yell uncontrollably at your foes.]
[You are sometimes teleported next to monsters.]
[Potions and wands cannot restore your health.]


Message History

* * * LOW HITPOINT WARNING * * *
You have no ailments to cure.
Unknown command. [a] - 480 gold - resistance, might and haste [b] - 378 gold - heal wounds, curing and haste [c] - 322 gold - haste and agility Purchase which effect?
You feel much better.
You feel better.
You feel yourself speed up. Something hits your large abomination!!
Your large abomination is destroyed!
The wretched star pulses with an eldritch light!
You are very lightly contaminated with residual magic.
The Ice Fiend calls on the powers of darkness!
Your body is wracked with pain!
You hear some strange, mumbled words.
A bolt of fire appears from out of thin air!
The bolt of fire hits you!
Ouch! That really hurt!
You die...
Your body crumbles into a pile of gold.

.. . . #. ###
#.# ###... .
#.##.#.#
#§.#..@.#### #.
#.#.##..
.#..##X.###.
#..#..*1##. #.#
#..##.#33 ...
#. # .
.#.....55......
..
#.#....#..##.#
# . #
...#.#.#3. . .
.#..
#.###.5#X#.
##.##..# #


You could see an Ice Fiend, a wretched star, a large abomination, 2 neqoxecs and
2 iron imps.

Vanquished Creatures
  Rupert (Orc:2)
  Nessos (Lair:4)
  5 dire elephants (Lair:6)
  A red draconian (Volcano)
  10 hydras
  An anaconda (Lair:6)
  The ghost of Moraw the Impaler, a novice MiFi of the Shining One (Lair:2)
  The ghost of Messajah the Severer, a novice MiFi of Okawaru (Lair:2)
  5 death yaks (Lair:6)
  Urug (Orc:1)
  Sonja (Lair:4)
  A wretched star (Abyss:1)
  A salamander mystic (Volcano)
  2 unseen horrors
  A lindwurm (Lair:1)
  2 hill giants
  Pikel (D:6)
  A wolf spider zombie (D:11)
  2 orc sorcerers (Orc:1)
  2 ugly things (D:11)
  2 deep elf magi
  6 salamanders (Volcano)
  2 cyclopes (D:10)
  4 elephants (Lair:6)
  Maurice (D:12)
  Psyche (D:9)
  Joseph (D:9)
  A gargoyle (D:10)
  8 black mambas
  A torpor snail (Lair:5)
  9 spiny frogs
  A rime drake (Lair:3)
  6 komodo dragons
  5 kobold demonologists
  An efreet (D:10)
  A yaktaur (D:10)
  9 trolls
  A wolf spider simulacrum (Abyss:1)
  3 polar bears
  A hornet (D:7)
  7 jumping spiders (Lair:4)
  17 blink frogs
  11 hippogriffs
  Grinder (D:3)
  5 dream sheep (Lair:5)
  A meliai zombie (D:12)
  3 wyverns
  2 redbacks (Lair:4)
  A vampire (D:11)
  A human (D:7)
  44 yaks
  4 hogs (D:7)
  A basilisk (Lair:6)
  A warg (Orc:1)
  12 water moccasins
  5 porcupines
  3 ice beasts
  2 sky beasts
  12 orc warriors
  4 black bears
  2 necrophages
  3 phantoms
  9 ogres
  14 wolves
  10 centaurs
  An eye of draining (D:11)
  10 crocodiles
  4 big kobolds
  14 bullfrogs
  A water moccasin zombie (D:8)
  A wyvern skeleton (D:10)
  2 scorpions
  A water moccasin skeleton (D:6)
  5 killer bees (D:7)
  4 jellies
  5 wights (D:12)
  5 howler monkeys
  6 crimson imps
  3 bullfrog zombies
  2 centaur zombies
  2 quasits
  A starcursed mass (Abyss:1)
  9 hounds
  16 orc wizards
  10 orc priests
  2 centaur skeletons
  4 bullfrog skeletons
  Natasha (thrice) (D:3)
  2 iguanas
  Ijyb (D:2)
  8 worker ants
  A hound zombie (D:9)
  Robin (D:3)
  2 worker ant zombies
  7 adders
  3 shadow imps
  8 oozes
  2 adder skeletons
  A worm (D:2)
  A dart slug (D:1)
  13 leopard geckos
  73 orcs
  A ball python (D:2)
  6 giant cockroaches
  15 goblins
  8 hobgoblins
  A jackal (D:1)
  22 kobolds
  8 quokkas
  9 bats
  6 frilled lizards
  A jackal skeleton (D:5)
  A leopard gecko zombie (D:5)
  6 rats
  A butterfly (Lair:5)
  3 plants (Lair:6)
602 creatures vanquished.

Vanquished Creatures (others)
  2 blink frogs (Lair:6)
  An ogre (D:6)
  A slave (D:6)
  A crocodile (Lair:6)
  23 fungi (Lair:6)
  13 plants (Lair:6)
41 creatures vanquished.

Grand Total: 643 creatures vanquished

Notes
Turn   | Place    | Note
-------+----------+-------------------------------------------
     0 | D:1      | theAP the Gargoyle Fighter began the quest for the Orb.
     0 | D:1      | Reached XP level 1. HP: 14/14 MP: 1/1
    54 | D:1      | Found a glowing golden altar of the Shining One.
   130 | D:1      | Reached XP level 2. HP: 18/19 MP: 2/2
   319 | D:1      | Reached XP level 3. HP: 18/23 MP: 3/3
   946 | D:2      | Found a shimmering altar of Xom.
  1168 | D:2      | Reached XP level 4. HP: 26/29 MP: 4/4
  1341 | D:2      | Found a burning altar of Makhleb.
  1622 | D:3      | Noticed Ijyb
  1632 | D:2      | Killed Ijyb
  1632 | D:2      | Reached skill level 4 in Fighting
  1784 | D:3      | Noticed Natasha
  1787 | D:3      | Reached XP level 5. HP: 33/33 MP: 5/5
  1828 | D:3      | Killed Natasha
  1828 | D:3      | Reached skill level 5 in Maces & Flails
  1851 | D:3      | Reached XP level 6. HP: 31/39 MP: 6/6
  1936 | D:3      | Found a radiant altar of Vehumet.
  2005 | D:3      | Noticed Natasha
  2054 | D:3      | HP: 1/39 [Natasha (1)]
  2057 | D:3      | Killed Natasha
  2133 | D:3      | Noticed Natasha
  2152 | D:3      | Killed Natasha
  2464 | D:3      | Noticed Grinder
  2469 | D:3      | Paralysed by Grinder for 5 turns
  2499 | D:3      | Killed Grinder
  2499 | D:3      | Reached skill level 5 in Fighting
  2499 | D:3      | Reached XP level 7. HP: 34/44 MP: 7/7
  2586 | D:3      | Found a stormy altar of Qazlal.
  2987 | D:4      | Noticed Robin
  3012 | D:3      | Killed Robin
  3016 | D:3      | Got a translucent helmet
  3022 | D:3      | Identified the cursed +0 helmet of Vanity {Dex+10} (You took it off Robin on level 3 of the Dungeon)
  3220 | D:4      | Found an iron altar of Okawaru.
  3444 | D:4      | Found a sparkling altar of Nemelex Xobeh.
  3936 | D:5      | Entered Level 5 of the Dungeon
  4093 | D:5      | Found Koblyix's Book Shoppe.
  4184 | D:5      | Reached skill level 6 in Fighting
  4194 | D:5      | Reached XP level 8. HP: 43/51 MP: 8/8
  4370 | D:5      | Found Wehiru's General Store.
  4489 | D:5      | Found Kawnilel's Distillery.
  4524 | D:5      | Found a hazy altar of Hepliaklqana.
  4879 | D:6      | Found a white marble altar of Elyvilon.
  4979 | D:6      | Noticed Pikel
  5003 | D:6      | Killed Pikel
  5003 | D:6      | Reached skill level 7 in Fighting
  5003 | D:6      | Reached XP level 9. HP: 44/57 MP: 9/9
  5158 | D:6      | Found a blossoming altar of Fedhas.
  5443 | D:7      | Reached skill level 10 in Maces & Flails
  5462 | D:7      | Reached skill level 8 in Fighting
  5484 | D:7      | Found a staircase to the Ecumenical Temple.
  5496 | Temple   | Entered the Ecumenical Temple
  5531 | Temple   | Became a worshipper of Gozag Ym Sagoz the Greedy
  5572 | D:7      | Noticed a hornet
  5585 | D:7      | Killed a hornet
  5696 | D:7      | Found Ataheot's Antique Armour Emporium.
  5814 | D:7      | Found an ancient bone altar of Kikubaaqudgha.
  5921 | D:7      | Bought a pair of glowing boots for 283 gold pieces
  5926 | D:7      | Identified a +1 pair of boots of running (You bought it in a shop on level 7 of the Dungeon)
  6192 | D:7      | Reached skill level 9 in Fighting
  6200 | D:7      | Reached XP level 10. HP: 61/66 MP: 10/10
  6821 | D:8      | Paralysed by an orc wizard for 4 turns
  6839 | D:8      | Reached skill level 10 in Fighting
  7223 | D:9      | Noticed Joseph
  7313 | D:9      | Killed Joseph
  7545 | D:9      | Noticed Psyche
  7557 | D:9      | Killed Psyche
  7772 | D:9      | Reached XP level 11. HP: 73/73 MP: 11/11
  7819 | D:9      | Noticed a six-headed hydra
  7819 | D:9      | Noticed a hill giant
  7841 | D:9      | Killed a six-headed hydra
  7844 | D:9      | Killed a hill giant
  7844 | D:9      | Reached skill level 11 in Fighting
  8017 | D:10     | Entered Level 10 of the Dungeon
  8079 | D:10     | Found a staircase to the Lair.
  8304 | D:10     | Killed an unseen horror
  8601 | D:10     | Noticed a cyclops
  8620 | D:10     | Killed a cyclops
  8626 | D:10     | Noticed a cyclops
  8647 | D:10     | Killed a cyclops
  8670 | D:10     | Noticed a deep elf mage
  8670 | D:10     | Noticed a seven-headed hydra
  8685 | D:10     | Killed a deep elf mage
  8689 | D:10     | Killed a seven-headed hydra
  9001 | D:10     | Reached skill level 12 in Fighting
  9025 | D:10     | You fall through a shaft for 2 floors!
  9119 | D:11     | Noticed a purple ugly thing
  9146 | D:11     | Killed a purple ugly thing
  9146 | D:11     | Reached XP level 12. HP: 54/81 MP: 12/12
  9172 | D:11     | Reached skill level 15 in Maces & Flails
  9512 | D:11     | Found a shadowy altar of Dithmenos.
  9876 | D:11     | Found a staircase to the Orcish Mines.
  9886 | D:11     | Found a roughly hewn altar of Beogh.
 10425 | D:10     | Found Mycsixyn's Antique Armour Boutique.
 10428 | D:10     | Bought a pair of embroidered gloves for 294 gold pieces
 10920 | D:12     | Noticed Maurice
 10930 | D:12     | Noticed a sun demon
 11070 | D:12     | Reached skill level 13 in Fighting
 11142 | D:12     | Killed Maurice
 11742 | Lair:1   | Entered Level 1 of the Lair of Beasts
 11748 | Lair:1   | Reached XP level 13. HP: 72/88 MP: 13/13
 12515 | Lair:2   | Noticed Moraw's ghost (novice MiFi)
 12661 | Lair:2   | Found a dark tunnel.
 12686 | Lair:2   | Killed Moraw's ghost
 12749 | Volcano  | Entered a volcano
 12786 | Volcano  | Found a bloodstained altar of Trog.
 12923 | Volcano  | Noticed a red draconian
 12962 | Volcano  | Killed a red draconian
 13218 | Lair:2   | Reached skill level 14 in Fighting
 13612 | Lair:2   | Found a staircase to the Shoals.
 13643 | Lair:2   | Noticed Messajah's ghost (novice MiFi)
 13694 | Lair:2   | Killed Messajah's ghost
 14603 | Lair:3   | Reached skill level 5 in Armour
 15160 | Lair:4   | Reached skill level 15 in Fighting
 15204 | Lair:4   | Noticed Sonja
 15221 | Lair:4   | Killed Sonja
 15221 | Lair:4   | Gained mutation: Your large and strong wings let you fly indefinitely. [Gargoyle growth]
 15221 | Lair:4   | Reached XP level 14. HP: 98/98 MP: 14/14
 15422 | Lair:4   | Found a hole to the Spider Nest.
 15610 | Lair:4   | Noticed Nessos
 15654 | Lair:4   | Killed Nessos
 16537 | Lair:5   | Reached skill level 16 in Fighting
 16794 | Lair:5   | Gained mutation: You are somewhat resistant to further mutation. [potion of beneficial mutation]
 16968 | Lair:5   | Found a sparkling altar of Nemelex Xobeh.
 17307 | Lair:6   | Entered Level 6 of the Lair of Beasts
 17523 | Lair:6   | Found a staircase to the Slime Pits.
 17949 | Lair:6   | Reached skill level 17 in Fighting
 18674 | Lair:6   | Noticed a dire elephant
 18674 | Lair:6   | Noticed a dire elephant
 18716 | Lair:6   | Noticed a dire elephant
 18721 | Lair:6   | Noticed a dire elephant
 18866 | Lair:6   | Noticed a dire elephant
 18889 | Lair:6   | Killed a dire elephant
 18937 | Lair:6   | Killed a dire elephant
 18937 | Lair:6   | Reached XP level 15. HP: 59/107 MP: 15/15
 19435 | Lair:6   | Gained mutation: Your spells are a little easier to cast, but a little less powerful. [potion of mutation]
 19435 | Lair:6   | Gained mutation: [You tend to lose your temper in combat.] [potion of mutation]
 19436 | Lair:6   | Gained mutation: You are partially covered in iridescent scales. (AC +2) [potion of mutation]
 19750 | Orc:1    | Entered Level 1 of the Orcish Mines
 19842 | Orc:1    | Found a shimmering altar of Xom.
 19960 | Orc:1    | Noticed Urug
 19981 | Orc:1    | Killed Urug
 19981 | Orc:1    | Reached skill level 18 in Fighting
 19984 | Orc:1    | Found Daimoiq's Magic Scroll Shoppe.
 20083 | Orc:1    | Bought a scroll of blinking for 97 gold pieces
 20279 | Orc:2    | Entered Level 2 of the Orcish Mines
 20500 | Orc:2    | Noticed Rupert
 20541 | Orc:2    | Killed Rupert
 20687 | Orc:1    | Cast into level 1 of the Abyss (orc knight)
 20881 | Abyss:1  | Paralysed by accursed screaming for 1 turns
 21029 | Abyss:1  | Gained mutation: Armour fits poorly on your strangely shaped body. [a neqoxec]
 21041 | Abyss:1  | Lost intelligence.
 21066 | Abyss:1  | Found a deep blue altar of Sif Muna.
 21075 | Abyss:1  | Gained mutation: [Potions and wands are less effective at restoring your health.] [a neqoxec]
 21099 | Abyss:1  | Gained mutation: [Scrolls take you much longer to read.] [a neqoxec]
 21118 | Abyss:1  | Noticed an angel
 21122 | Abyss:1  | Noticed a lich
 21127 | Abyss:1  | Noticed a Hell Sentinel
 21141 | Abyss:1  | Noticed an Ice Fiend
 21151 | Abyss:1  | Killed from afar by a lich

Skill      XL: |  1  2  3  4  5  6  7  8  9 10 11 12 13 14 15 |
---------------+----------------------------------------------+-----
Maces & Flails | 3 4 5 6 7 9 11 13 14 16 17 | 17.6
Fighting       | 4 5 6 7 9 10 12 13 15 17 18 | 18.3
Armour         | 5 8 9 |  9.9
Shields        | |  3.2

Action                   |  1- 3 |  4- 6 |  7- 9 | 10-12 | 13-15 || total
-------------------------+-------+-------+-------+-------+-------++-------
Melee: Flail             |   154 |   269 |   329 |       |       ||   752
       Whip              |       |       |   143 |   915 |  1669 ||  2727
Invok: Potion Petition   |       |       |       |     1 |     3 ||     4
 Abil: Fly               |       |       |       |       |     1 ||     1
Evoke: Wand              |       |       |       |     4 |     4 ||     8
       Phantom mirror    |       |       |       |       |     1 ||     1
  Use: Scroll            |     2 |       |    11 |    13 |     9 ||    35
       Potion            |       |     2 |     1 |     5 |     5 ||    13
 Stab: Distracted        |       |       |     1 |     4 |    11 ||    16
  Eat: Chunk             |     1 |     5 |    10 |       |       ||    16
       Pizza             |       |       |     1 |     7 |     1 ||     9
       Fruit             |       |       |       |     3 |    18 ||    21
       Beef jerky        |       |       |       |     3 |     2 ||     5
       Royal jelly       |       |       |       |     1 |       ||     1
       Meat ration       |       |       |       |       |     2 ||     2
Armor: Scale mail        |    40 |       |       |       |       ||    40
       Plate armour      |    86 |   178 |   278 |   512 |  1059 ||  2113
Dodge: Dodged            |    35 |    36 |    70 |    91 |   239 ||   471
Block: Shield            |   103 |   110 |   242 |   346 |   685 ||  1486
